[Event "Czech Open-GM 2022"]
[Site "Pardubice"]
[Date "2022.07.26"]
[Round "5.7"]
[White "Simek, Petr"]
[Black "Livaic, Leon"]
[Result "1-0"]
[ECO "E10"]
[WhiteElo "2348"]
[BlackElo "2576"]
[Annotator "TA"]
[PlyCount "113"]
[EventDate "2022.07.22"]
[EventType "swiss"]
[EventCountry "CZE"]
[SourceTitle "playchess.com"]
[Source "ChessBase"]
[SourceQuality "1"]
[TimeControl "40/5400+30:1800+30"]

1. d4 Nf6 2. c4 e6 3. Nf3 a6 4. Nc3 d5 5. c5 b6 6. cxb6 {[%emt 0:00:08] D37: Queen's Gambit Declined: 5 Bf4.} c5 (6... Nbd7 7. bxc7 Qxc7 8. Bd2 $14) 7. Bf4 {[%emt 0:04:50] Threatens to win with Bc7.} Qxb6 {[%emt 0:00:42] aiming for ...cxd4.} 8. Na4 $1 {[%emt 0:00:47] [#] White is slightly better.} Qa7 $146 ({Predecessor:} 8... Qa5+ 9. Bd2 Qc7 10. Nxc5 Bxc5 11. dxc5 O-O 12. Rc1 Nc6 13. e3 Rb8 14. b3 e5 {0-1 (40) Minzer,C (2445)-Camacho Collados,M (2409) Ibiza 2021}) 9. dxc5 Bxc5 10. Nxc5 Qxc5 11. Rc1 Qb4+ 12. Qd2 Qxd2+ 13. Nxd2 O-O 14. e3 a5 15. Bd6 Re8 16. Bb5 {[%emt 0:00:48] A strong pair of Bishops.} Bd7 17. Bxd7 Nbxd7 18. a4 Ra6 19. Ba3 e5 (19... Ne4 $14) 20. Ke2 $16 e4 21. Rc7 $1 Ne5 22. Rhc1 $1 Nd3 23. R1c6 Raa8 24. h3 h5 25. b3 d4 26. Rd6 {[%emt 0:08:45] Against Nd5} (26. exd4 Nd5 27. Bd6 Nxc7 28. Bxc7 Ra7 $15) (26. Nxe4 Nxe4 27. Kxd3 dxe3 28. fxe3 (28. Kxe3 Nc5+ 29. Kd2 Rad8+ 30. Kc3 Ne4+ 31. Kb2 Nxf2 $14) 28... Rad8+ 29. Kc4 Nd2+ 30. Kb5 Nxb3 $14) 26... dxe3 27. fxe3 Re5 28. Rc4 Ne8 $2 (28... Rae8 $14) 29. Rdd4 $18 f5 30. g4 $1 Nf6 (30... hxg4 31. hxg4 fxg4 32. Nxe4) 31. gxf5 Rae8 {[%emt 0:00:29] [#]} 32. Bd6 ({But not} 32. Nxe4 $6 Nxe4 33. Kxd3 Nf2+ 34. Kc2 Nxh3 $14) (32. h4 $1 $16) 32... Rxf5 $11 {[%emt 0:00:17] White must now prevent ...Rf2+.} 33. Nxe4 Nc1+ 34. Rxc1 $16 Nxe4 {[%emt 0:00:02] [#]} 35. Bf4 (35. Bc7 $1 $16) 35... g5 {[%emt 0:02:27] [#]} (35... Nc5 $1 $14) 36. Rcc4 $1 Nf6 (36... Nc5 37. Bd6) 37. Bd6 g4 38. hxg4 (38. Rf4 Rxf4 39. Bxf4 (39. Rxf4 Ne4 $11) 39... gxh3 $16) 38... hxg4 (38... Nxg4 $16 39. Bf4 Nf6) 39. Rf4 $18 Rxf4 40. Rxf4 {[%emt 0:00:13][%mdl 4096] Endgame KRB-KRN} ({Don't do} 40. Bxf4 $6 Kf7 41. Rc7+ Ke6 $18) 40... Re6 41. Bc7 g3 (41... Nd5 $142) 42. Bxa5 g2 43. Kf2 Nd5 44. Rg4+ Kf7 45. Bd2 Rc6 46. Rxg2 Rb6 47. Rg5 Nf6 {[%emt 0:00:05] ...Ne4+ is the strong threat.} 48. Rb5 Ne4+ 49. Ke2 Rxb5 50. axb5 {[%emt 0:00:05] KB-KN. White mates.} Ke6 51. Bb4 Kd5 52. Kf3 Nf6 53. Be7 Ne8 54. e4+ Ke6 {[%emt 0:00:04] [#]} 55. b6 $1 Kd7 56. Bc5 Kc6 57. b4 {[%emt 0:00:04] Weighted Error Value: White=0.08 (flawless) /Black=0.42} 1-0

[Event "Czech Open-GM 2022"]
[Site "Pardubice"]
[Date "2022.07.26"]
[Round "5.8"]
[White "Bronstein, Or"]
[Black "Sarkar, Justin"]
[Result "1/2-1/2"]
[ECO "D87"]
[WhiteElo "2476"]
[BlackElo "2346"]
[Annotator "TA"]
[PlyCount "75"]
[EventDate "2022.07.22"]
[EventType "swiss"]
[EventCountry "CZE"]
[SourceTitle "playchess.com"]
[Source "ChessBase"]
[SourceQuality "1"]
[TimeControl "40/5400+30:1800+30"]

1. d4 Nf6 2. c4 g6 3. Nc3 d5 4. cxd5 Nxd5 5. e4 Nxc3 6. bxc3 Bg7 7. Bc4 O-O 8. Ne2 c5 9. O-O Nc6 10. Be3 Bg4 11. f3 Na5 12. Bxf7+ Rxf7 13. fxg4 Rxf1+ 14. Kxf1 cxd4 15. cxd4 Qd6 (15... Qb6 $14) 16. Qa4 {D88: Exchange Grünfeld: Classical Line: 10 Be3 cxd4 11 cxd4.} b6 (16... Qxh2 17. Qxa5 Rf8+ 18. Ke1 Qh1+ 19. Bg1) 17. e5 Qe6 18. h3 {[%emt 0:03:09] White is better.} Nc4 {[%emt 0:01:00] [#]} 19. Qb3 $146 ({Predecessor:} 19. Bg5 h6 20. Bh4 Qd5 21. Kg1 e6 22. Bf2 b5 23. Qa6 Rf8 24. Nc3 Qd7 25. Qxb5 {1-0 (42) Galovic,S (2127)-Koval,D (2127) Slovakia 2010}) 19... a5 20. Kg1 {[%emt 0:04:15] [#] And now Nf4 would win.} a4 21. Qd3 b5 22. Qe4 Rd8 23. Bg5 b4 24. Qb7 (24. Rb1 $16 h6 25. Bc1) 24... Nxe5 $1 $11 25. Nf4 (25. Bxe7 Re8 26. dxe5 Qxe5 $19) (25. Qxb4 $2 {[#]} Nf3+ $1 26. Kh1 (26. gxf3 $2 Qxe2 27. Qd2 Bxd4+ 28. Kh1 Qxf3+ 29. Qg2 Qxg2+ 30. Kxg2 Bxa1 $19) 26... Nxg5 $19) (25. Qxe7 Qxe7 26. Bxe7 Re8 27. dxe5 (27. Bxb4 $2 Nc6 $19) 27... Rxe7 $17) (25. dxe5 $11 {was the only way to keep the balance.} Qxe5 26. Re1 Qxg5 27. Qxb4) 25... Qc4 $17 (25... Qd7 26. Qxd7 Nxd7 27. Ne6 $15) 26. Kh2 $2 (26. dxe5 $2 Qd4+ 27. Kh2 Qxa1 28. Qxe7 Rf8 29. Qe6+ Kh8 $19) (26. Re1 $17 Qxd4+ 27. Kh1) 26... Nf7 $2 (26... Qxd4 27. Rf1 $15) (26... Rxd4 $19 27. Qa8+ (27. Qb8+ $2 Kf7 $19) 27... Kf7) 27. Bxe7 $11 {[%emt 0:03:27] The position is equal.} Qxd4 28. Rf1 Be5 29. Bxd8 Nxd8 ({Much less strong is} 29... Bxf4+ 30. g3 Nxd8 31. Qb5 $14 (31. Rxf4 Qxf4 32. Qd5+ Qf7 $11) (31. Qe7 Qd2+ 32. Kh1 Qd5+ 33. Kh2 Qd2+ 34. Kh1 Qd5+ 35. Kh2 Qd2+ $11)) 30. Qe7 {[%emt 0:00:02] Strongly threatening g3.} Bxf4+ 31. g3 Qd2+ 32. Kh1 {[%emt 0:00:02] Black must now prevent Qe8+.} Qd5+ 33. Kg1 Qd3 34. gxf4 {[%emt 0:01:14] Threatens to win with Qe8+. Dancing on a razor blade.} Qg3+ 35. Kh1 Qxh3+ 36. Kg1 Qg3+ 37. Kh1 Qh3+ 38. Kg1 {[%emt 0:00:02] Weighted Error Value: White=0.34/Black=0.21 (precise)} 1/2-1/2

[Event "Czech Open-GM 2022"]
[Site "Pardubice"]
[Date "2022.07.26"]
[Round "5.9"]
[White "Farkas, Gabor"]
[Black "Pantzar, Milton"]
[Result "1/2-1/2"]
[ECO "D30"]
[WhiteElo "2335"]
[BlackElo "2447"]
[Annotator "TA"]
[PlyCount "87"]
[EventDate "2022.07.22"]
[EventType "swiss"]
[EventCountry "CZE"]
[SourceTitle "playchess.com"]
[Source "ChessBase"]
[SourceQuality "1"]
[TimeControl "40/5400+30:1800+30"]

1. c4 e6 2. Nf3 d5 3. d4 Nf6 4. Bg5 Be7 5. e3 c6 6. Nc3 Nbd7 7. cxd5 exd5 8. Bd3 O-O 9. Qc2 h6 10. Bh4 Ne8 11. Bg3 Bd6 12. O-O Bxg3 {[%emt 0:00:44] D36: Queen's Gambit Declined: Exchange Variation: Main line (5 Bg5 c6 6 Qc2).} 13. hxg3 Nd6 14. b4 Nb6 {[%emt 0:09:12] [#]} 15. Ne5 $146 ({Predecessor:} 15. b5 Be6 16. bxc6 bxc6 17. Na4 Nbc4 18. Nc5 Rb8 19. Ne5 Nxe5 20. dxe5 Nc4 21. Bxc4 dxc4 22. Nxe6 fxe6 23. Qxc4 {1-0 (32) Hansen,E (2606)-Rustemov,A (2525) Chess.com INT 2022}) 15... Nbc4 16. Nxc4 dxc4 17. Be2 Re8 18. a4 Bf5 19. Qa2 Qb6 20. Qa3 a5 21. bxa5 Qc7 22. Qb4 Rxa5 23. Rfc1 ({Much worse is} 23. Bxc4 c5 24. dxc5 Qxc5 25. Qxc5 Rxc5 $15) 23... c5 24. dxc5 Qxc5 25. Qb2 Qe5 {[%emt 0:01:22] The position is equal.} 26. Qd2 Rc5 27. Ra3 Rec8 28. Bf3 Bd3 29. Nd1 g5 30. g4 f5 (30... h5 $5) 31. gxf5 Bxf5 32. Qd4 Qxd4 33. exd4 Ra5 {[%emt 0:00:11] ...b5 is the strong threat.} 34. Ne3 b5 {[%emt 0:02:23] [#] Threatens to win with ...b4.} 35. Nxf5 Nxf5 36. Bg4 $1 Rf8 37. Rf3 $1 bxa4 38. Rxc4 a3 {[%emt 0:00:37] [#] Strongly threatening ...a2.} 39. Bxf5 Rfxf5 40. Rxf5 Rxf5 41. Ra4 {[%emt 0:31:43] Prevents Ra5.} Rd5 42. Rxa3 Rxd4 43. Ra7 Rf4 44. g3 {[%emt 0:00:36] Weighted Error Value: White=0.06 (flawless) /Black=0.05 (flawless)} 1/2-1/2

[Event "Czech Open-GM 2022"]
[Site "Pardubice"]
[Date "2022.07.26"]
[Round "5.10"]
[White "Swicarz, Maciej"]
[Black "Dobrowolski, Piotr"]
[Result "0-1"]
[ECO "A07"]
[WhiteElo "2335"]
[BlackElo "2423"]
[Annotator "TA"]
[PlyCount "94"]
[EventDate "2022.07.22"]
[EventType "swiss"]
[EventCountry "CZE"]
[SourceTitle "playchess.com"]
[Source "ChessBase"]
[SourceQuality "1"]
[TimeControl "40/5400+30:1800+30"]

1. d3 d5 2. Nd2 e5 3. e4 Ne7 4. g3 Nbc6 5. Bg2 g6 6. Ngf3 Bg7 7. O-O O-O 8. c3 a5 {[%emt 0:01:20] [#]} 9. h4 $146 {[%emt 0:05:48] A07: Réti Opening: New York and Capablanca Systems.} ({Predecessor:} 9. Re1 Re8 10. Qc2 h6 11. b3 Be6 12. Bb2 Qd7 13. a3 Bh3 14. b4 Bxg2 15. Kxg2 Rad8 16. b5 dxe4 17. dxe4 {0-1 (43) Svidler,P (2723)-Vidit,S (2726) chess24.com INT 2020}) 9... h6 10. h5 (10. Re1 $15) 10... g5 $1 $17 11. Nh2 {[%emt 0:00:20] Black is better.} f5 12. f4 (12. exd5 $15 Nxd5 13. Qb3) 12... dxe4 13. dxe4 exf4 14. gxf4 gxf4 15. Rxf4 Be6 16. Qe2 Qd6 17. Ndf1 (17. Ndf3 $17) 17... Ne5 $19 18. Be3 Nd3 19. Rf3 Rad8 {[%emt 0:04:42] And now ...f4 would win. 0x0.0002de65b101dp-1022s more active pieces. The white rooks are badly placed.} 20. Kh1 (20. exf5 $17 {was necessary.} Nxf5 21. Rd1) 20... f4 (20... fxe4 21. Rxf8+ Rxf8 22. Bxe4 $17) (20... Bc4 $19 {Strongly threatening ...Ne5.} 21. Qc2 f4) 21. Bd4 $17 Ne5 $36 {[%emt 0:00:09][%mdl 2048] Black is really pushing.} (21... Bxd4 22. Rxd3 Nc6 23. Nd2 $18 (23. cxd4 Nxd4 24. Qf2 Qe5 $18)) 22. Rf2 {[%emt 0:00:37] [#]} (22. Bxe5 $17 Bxe5 23. Bh3) 22... N7c6 $1 $19 23. Bxe5 Nxe5 (23... Bxe5 24. Qb5 $17) 24. Bf3 Qd3 (24... Bc4 $2 25. Qc2 $19) (24... Qe7 $142 {aiming for ...Qh4.} 25. Rg2 Kh8) 25. Qxd3 Rxd3 26. Kg2 (26. a3 {is a better defense.}) 26... Rd7 27. Rb1 (27. Bd1 $142) 27... Bf6 {[%emt 0:00:52][%cal Bg7f6,Bf6h4,Bh4e1,Be1c3][%mdl 32] A strong pair of Bishops.} (27... Bxa2 $2 28. Ra1 Be6 29. Rxa5 $19) 28. b3 (28. Kh1 {was called for.}) 28... Nd3 29. Rc2 Bh4 30. Bg4 Bxg4 ({Worse is} 30... Rg7 31. Kh3 Bxg4+ 32. Nxg4 $17) 31. Nxg4 Ne1+ ({And not} 31... Rg7 32. Kh3 Bg5 33. Rd1 $17) 32. Rxe1 (32. Kh3 $142 Nxc2 33. Kxh4) 32... Bxe1 33. Nxh6+ Kh7 34. Nf5 Rd3 35. Nh2 Rg8+ 36. Kf1 Bxc3 {[%emt 0:00:48] White must now prevent ...f3.} ({Don't blunder} 36... Rxc3 $2 37. Rxc3 Bxc3 38. Nf3 $19) 37. Kf2 Rd2+ $2 (37... a4 $19 38. bxa4 Ba5) 38. Rxd2 $17 Bxd2 {[%emt 0:00:01][%mdl 4096] Endgame KRB-KNN} 39. Kf3 Rg1 40. Ng4 Re1 41. e5 {[%emt 0:12:07] [#]} Kh8 (41... Bc3 $1 $17 42. Kxf4 Bd2+ 43. Nfe3 Kg7) 42. h6 $15 Bc1 ({Black should try} 42... Bc3 $15 43. Kxf4 Kh7) 43. Kf2 $1 $11 Bd2 44. Nh4 {[%emt 0:02:03] Intending Nf6 and mate.} Rh1 45. e6 $2 Be1+ $19 {[%emt 0:00:21] Black is clearly winning.} (45... Rxh4 $2 46. e7 Rxg4 47. e8=Q+ Rg8 48. Qe5+ Kh7 49. Qe7+ Kh8 50. Qe5+ Kh7 51. Qxc7+ Kh8 52. Qxb7 $18) 46. Kf3 Bxh4 47. Kxf4 Kh7 {[%emt 0:01:26] Weighted Error Value: White=0.52/Black=0.31} 0-1

[Event "Czech Open-GM 2022"]
[Site "Pardubice"]
[Date "2022.07.26"]
[Round "5.11"]
[White "Hollan, Martin"]
[Black "Frank, Adam"]
[Result "1-0"]
[ECO "B51"]
[WhiteElo "2399"]
[BlackElo "2313"]
[Annotator "TA"]
[PlyCount "87"]
[EventDate "2022.07.22"]
[EventType "swiss"]
[EventCountry "CZE"]
[SourceTitle "playchess.com"]
[Source "ChessBase"]
[SourceQuality "1"]
[TimeControl "40/5400+30:1800+30"]

1. e4 c5 2. Nf3 d6 3. Bb5+ Nd7 4. a4 Ngf6 5. Nc3 g6 6. a5 {[%emt 0:05:04] B51: Sicilian: Moscow Variation (3 Bb5+) without 3...Bd7.} Bg7 7. O-O a6 8. Be2 {[%emt 0:04:03] White has an edge.} b5 9. axb6 $1 Bb7 10. d3 O-O 11. Bg5 h6 {[%emt 0:03:53] [#]} 12. Bd2 $146 ({Predecessor:} 12. Be3 Nxb6 13. h3 Qc7 14. Qd2 Kh7 15. Na4 Nbd7 16. c4 Rfb8 17. Nc3 Bc6 18. Ra2 {1-0 (40) Tabatabaei,M (2613)-Lim,Z (2311) Tornelo INT 2021}) 12... Nxb6 13. Qc1 Kh7 14. h3 Nfd7 15. Nh2 d5 16. Nxd5 Nxd5 17. exd5 Bxd5 18. Bc3 Bxc3 19. bxc3 Nf6 20. Qe3 Qc7 21. Ra4 c4 22. Rfa1 cxd3 23. Bxd3 Kg7 24. Bxa6 Rfb8 25. Ng4 (25. c4 $5 Be4 26. Qc3 $14) 25... Nxg4 26. hxg4 {[%emt 0:00:09] Hoping for Qd4+.} e6 27. c4 {[%emt 0:09:47] Chess con chili.} Bc6 28. R4a3 Kh7 29. Qc5 Qd7 (29... Rd8 $14) 30. Rh3 {[%emt 0:02:49] [#]} (30. Qe5 $16) 30... Qe8 (30... Rxa6 $1 $15 31. Rxa6 Rb1+ 32. Kh2 Qc7+ 33. Rg3 Rh1+ $1 34. Kxh1 Bxg2+ $1 35. Kxg2 Qxc5) 31. Kh2 Rb2 32. Qe3 Qf8 33. Ra3 (33. Qc1 $11 Qg7 34. Raa3) 33... Rxc2 34. c5 (34. Kg1 $15) 34... Qg7 $2 {[%emt 0:01:29][%mdl 8192] [#]} (34... Kg8 $17 {stays on course. Strongly threatening ...Qb8+.} 35. Rxh6 Rxf2 $3 36. Qxf2 Qxh6+ 37. Rh3 Qg5) 35. g5 $1 $18 h5 36. Rxh5+ $1 Kg8 (36... gxh5 $142 37. Bd3+ Kg8 38. Rxa8+ Bxa8 39. Bxc2 Qb2) 37. Rh3 $2 (37. Rh4 $18) 37... Qb2 $2 (37... Bd5 $16 {is a better chance.}) 38. Rb3 Qa1 39. Ra3 ({Less strong is} 39. Bb7 Bxb7 40. Rxb7 Rc1 $16) 39... Qb2 40. Rb3 $40 {[%emt 0:00:14][%mdl 128] White has some attack.} Qa1 41. Qf4 {[%emt 0:20:35] Intending Rb8+ and mate.} ({Weaker is} 41. Bb7 Bxb7 42. Rxb7 Rc1 $16) 41... Re8 {[%emt 0:20:07] [#]} (41... Rf8 $142 42. Rb8 Rc1) 42. Rh7 $3 f5 {[%emt 0:07:33] [#]} (42... Rxf2 43. Qxf2) 43. Qc7 $1 Rf8 {[%emt 0:00:05] [#]} 44. Rb8 $1 {[%emt 0:00:44] Weighted Error Value: White=0.34/Black=0.55} 1-0

[Event "Czech Open-GM 2022"]
[Site "Pardubice"]
[Date "2022.07.26"]
[Round "5.12"]
[White "Klabis, Rokas"]
[Black "Kulon, Klaudia"]
[Result "1-0"]
[ECO "C77"]
[WhiteElo "2382"]
[BlackElo "2286"]
[Annotator "TA"]
[PlyCount "149"]
[EventDate "2022.07.22"]
[EventType "swiss"]
[EventCountry "CZE"]
[SourceTitle "playchess.com"]
[Source "ChessBase"]
[SourceQuality "1"]
[TimeControl "40/5400+30:1800+30"]

1. e4 e5 2. Nf3 Nc6 3. Bb5 a6 4. Ba4 Nf6 5. d3 d6 6. c4 g6 7. Nc3 Bg7 8. Nd5 {[%emt 0:00:15] C77: Ruy Lopez: 3...a6 4 Ba4 Nf6, unusual lines.} h6 9. Nb4 Bd7 10. Nxc6 {[%emt 0:00:06] The position is equal.} bxc6 {[%emt 0:00:02] [#]} 11. Bd2 $146 ({Predecessor:} 11. c5 O-O 12. O-O Re8 13. Re1 d5 14. b4 a5 15. a3 axb4 16. axb4 dxe4 17. dxe4 Nxe4 {1-0 (33) Kobo,O (2460)-Sokolovsky,Y (2472) Jerusalem 2021}) 11... c5 12. O-O O-O 13. b4 cxb4 14. Bxb4 Rb8 15. Bd2 Nh5 16. Bxd7 Qxd7 17. Qc1 Nf4 18. Bxf4 exf4 19. d4 g5 20. h3 c5 21. Qa3 cxd4 22. Qxa6 Qc7 23. Rab1 Qc5 24. Rxb8 Rxb8 25. Qa4 (25. Nd2 $15) 25... Bf6 (25... d3 $17 {Hoping for ...Bc3.} 26. Nd2 Rb2) 26. Qc2 Qa3 27. Rb1 Rxb1+ 28. Qxb1 $15 {[%emt 0:00:03][%mdl 4096] Endgame KQB-KQN} d3 (28... Kg7 $5 29. Ne1 Qc3 $17) 29. c5 $1 dxc5 30. Qb8+ $1 Kh7 31. Qd6 Bg7 (31... Ba1 $5 32. Kh2 Qxa2 33. Qxd3 Kg7 $17) 32. Qd5 Kg8 33. e5 Qa6 $36 {[%emt 0:04:23][%mdl 2048] Black is pushing.} 34. Nd2 {[%emt 0:00:47] Against c4} Qa5 35. Nf3 (35. e6 $11 {keeps the balance.} Qxd2 36. exf7+ Kf8 37. Qxc5+ Kxf7 38. Qd5+ Kf8 39. Qd8+ Kf7 40. Qd5+ Kg6 41. Qe4+ Kh5 42. Qf3+ Kg6 43. Qe4+ Kh5 44. Qf3+ Kg6 45. Qe4+) 35... Qa6 (35... Qc7 $1 $17 {Threatens to win with ...c4.} 36. Qxd3 Bxe5) 36. Nd2 $11 {[%emt 0:00:04] Inhibits c4.} Qe6 37. Qd8+ (37. Qxe6 $11 {remains equal.} fxe6 38. Nc4) 37... Bf8 $17 38. Qxd3 Qxe5 39. Ne4 Bg7 (39... Qe6 $17 {And now ...c4 would win.} 40. Qd5 Qxd5 41. Nf6+ Kg7 42. Nxd5 c4) 40. Qd8+ $11 Kh7 41. Qd3 {[%emt 0:02:51][%csl LRc5,LRg5] White threatens Nf6+ and mate.} f5 42. Nd6 Kg6 {[%emt 0:00:33] White must now prevent ...Qe1+.} 43. a4 Bf8 44. Nc4 Qe1+ 45. Qf1 Qb4 (45... Qe7 $11 {and Black stays safe.}) 46. a5 $18 {[%emt 0:00:06][%mdl 1024] White has strong compensation.} Bg7 47. Qe2 Bd4 {[%emt 0:02:52] [#]} 48. Qe6+ (48. a6 $1 $18 Kf6 49. Kh2) 48... Kg7 $2 (48... Kh7 $11) 49. Nd6 Qxa5 50. Nxf5+ Kh7 51. Qxh6+ Kg8 52. Qxg5+ Kf7 (52... Kf8 $18 53. Qe7+ (53. Qh6+ Kf7 $18) 53... Kg8 54. Qe8+ Kh7 55. Qf7+ Kh8) 53. Qe7+ Kg6 54. Nh4+ Kh6 55. Qe6+ Kg7 $2 (55... Kh7 $18 56. Qg6+ Kh8) 56. Nf5+ Kf8 57. Qe7+ Kg8 58. Qe8+ Kh7 59. Qf7+ Kh8 60. Ne7 Bxf2+ 61. Kxf2 Qd2+ {[%emt 0:00:05] [#]} 62. Kf3 $1 ({And not} 62. Kg1 Qe1+ 63. Kh2 Qg3+ 64. Kh1 Qe1+ 65. Kh2 Qg3+ 66. Kh1 Qe1+ 67. Kh2 $11) 62... Qd1+ 63. Ke4 Qe2+ 64. Kf5 Qc2+ 65. Ke5 Qb2+ 66. Ke6 Qa2+ 67. Nd5 Qxg2 68. Qh5+ Kg7 69. Qe5+ Kg8 70. Ne7+ Kh7 71. Qh5+ Kg7 72. Qe5+ Kh7 73. Qf5+ {[%emt 0:00:04] White mates.} Kg7 74. Qf7+ Kh6 75. Nf5+ {[%emt 0:00:04] Weighted Error Value: White=0.15 (very precise) /Black=0.62} 1-0

[Event "Czech Open-GM 2022"]
[Site "Pardubice"]
[Date "2022.07.26"]
[Round "5.13"]
[White "Neuman, Petr"]
[Black "Gnojek, Petr"]
[Result "0-1"]
[ECO "A10"]
[WhiteElo "2378"]
[BlackElo "2295"]
[Annotator "TA"]
[PlyCount "132"]
[EventDate "2022.07.22"]
[EventType "swiss"]
[EventCountry "CZE"]
[SourceTitle "playchess.com"]
[Source "ChessBase"]
[SourceQuality "1"]
[TimeControl "40/5400+30:1800+30"]

1. c4 g6 2. d4 Bg7 3. e4 d6 4. Nc3 e5 5. d5 Nf6 6. Bg5 h6 7. Be3 O-O 8. f3 Nh5 (8... c6 $14 {deserves consideration.}) 9. Nge2 {[%emt 0:01:08] E81: King's Indian: Sämisch: 6th move deviations (including 6 Be3 c6).} f5 10. Qd2 f4 11. Bf2 {[%emt 0:01:16] [#] White is slightly better.} Nd7 $146 ({Predecessor:} 11... a6 12. b4 a5 13. b5 b6 14. Nc1 Bf6 15. Nd3 Bh4 16. a4 {½-½ (16) Rozumek,L (2000)-Dydel,A (2000) Wisla 2000}) 12. O-O-O a5 13. Kb1 b6 14. Nc1 Nc5 15. b3 Bd7 16. a3 Qc8 17. Be2 Kh7 18. Kb2 Qd8 19. Rdg1 Qe7 20. b4 ({White should try} 20. g4 $14 Nf6 21. h4) 20... axb4 $11 21. axb4 Na4+ 22. Nxa4 Rxa4 (22... Bxa4 23. b5 $16) 23. Bd1 Ra6 24. Ne2 Rfa8 {[%emt 0:00:56] ...Ra2+ is the strong threat.} 25. Nc3 {[%emt 0:00:07] Prevents Ra2+.} Qd8 26. Be2 Bf6 27. Ra1 Rxa1 28. Rxa1 Rxa1 29. Kxa1 Bh4 30. Bg1 Qa8+ 31. Kb2 Nf6 32. Bd1 Qa6 33. Be2 {[%emt 0:01:36] Strongly threatening c5.} Qa8 34. Qd1 Kg7 35. Na2 Kf7 36. Nc1 Ke7 37. Nb3 Qa4 38. Qd2 h5 39. Qc3 Ne8 40. c5 bxc5 41. bxc5 Bb5 42. cxd6+ cxd6 {[%emt 0:00:07] The board is on fire.} 43. Bxb5 Qxb5 44. Qc2 Kd7 45. Bf2 Bd8 46. Be1 Nc7 47. Ba5 Na6 48. Bxd8 $1 Kxd8 {[%emt 0:00:04][%mdl 4096] Endgame KQN-KQN} 49. Kc3 (49. Qc3 $11 {should be considered.}) 49... g5 ({Better is} 49... Qb4+ $1 $15 50. Kd3 Nc7) 50. Qd3 Qb4+ 51. Kc2 Qa4 52. Kd2 (52. Kc3 $11) 52... g4 $36 {[%emt 0:00:00][%mdl 2048] Black has the initiative.} 53. Ke2 Nc7 (53... Nb4 54. Qc4 $11) (53... Ke7 $1 $15) 54. g3 $1 $11 Nb5 55. Kf2 Qa2+ 56. Kg1 {[%emt 0:00:00] [#]} (56. Nd2 $2 Nd4 57. fxg4 hxg4 58. gxf4 Nf3 59. fxe5 Nxd2 60. exd6 Nxe4+ 61. Ke3 Nxd6 $17) 56... gxf3 $1 57. Qxf3 Qb1+ 58. Kg2 $1 Qc2+ 59. Kh3 Nc3 60. gxf4 $2 {[%emt 0:00:00][%mdl 8192] [#]} Ne2 $1 $19 {[%emt 0:00:00] ( -> ...Ng1+)} ({Inferior is} 60... Qxb3 61. fxe5 dxe5 62. Qf6+ Kc7 63. Qxe5+ Kb7 64. Kh4 $11) ({Much less strong is} 60... Qxe4 61. Qxc3 Qxf4 62. Qg3 Qf1+ 63. Kh4 $18) (60... Nxe4 61. Na5 $17) 61. Kh4 {aiming for fxe5.} (61. Na1 Ng1+ 62. Kg3 h4+ 63. Kxh4 Nxf3+ 64. Kg3 Qxe4) 61... Nxf4 62. h3 $2 (62. Qg3 Qxe4 63. Qg8+ Kc7 64. Qg7+ Kb6 65. Qg1+ Kb5 66. Qf1+ Nd3+ 67. Kxh5) 62... Ke7 {[%emt 0:00:00] And now ...Qh2 would win.} 63. Kg5 Qc8 64. Kh4 Qc2 65. Kg5 $1 Qh2 66. Na5 Qg1+ {[%emt 0:00:07] Weighted Error Value: White=0.17 (very precise) /Black=0.09 (flawless)} 0-1

[Event "Czech Open-GM 2022"]
[Site "Pardubice"]
[Date "2022.07.26"]
[Round "5.14"]
[White "Slovak, Kilian"]
[Black "Keller, Peter"]
[Result "1-0"]
[ECO "C67"]
[WhiteElo "2321"]
[BlackElo "2377"]
[Annotator "TA"]
[PlyCount "61"]
[EventDate "2022.07.22"]
[EventType "swiss"]
[EventCountry "CZE"]
[SourceTitle "playchess.com"]
[Source "ChessBase"]
[SourceQuality "1"]
[TimeControl "40/5400+30:1800+30"]

1. e4 e5 2. Nf3 Nc6 3. Bb5 Nf6 4. O-O Nxe4 5. Re1 Nd6 6. Nxe5 Be7 7. Bf1 Nxe5 8. Rxe5 O-O 9. Nc3 {[%emt 0:00:36] C67: Ruy Lopez: Berlin Defence: 4 0-0 Nxe4.} Ne8 10. Nd5 Bd6 11. Re1 {[%emt 0:00:06] The position is equal.} Nf6 ({But not} 11... Qh4 12. g3 Qd8 13. Ne3 $14) 12. Nxf6+ Qxf6 13. d4 {[%emt 0:01:22] Against Bc5} b6 {[%emt 0:05:32] [#]} 14. c4 $146 ({White should try} 14. c3 $14) ({Predecessor:} 14. Qg4 Bb7 15. Bd3 h6 16. Bd2 c5 17. Bc3 Qf4 18. Qxf4 Bxf4 19. dxc5 bxc5 20. Be5 Bxe5 21. Rxe5 {½-½ (42) Swiercz,D (2655)-Mamedyarov,S (2782) Saint Louis 2021}) 14... Bb7 $11 15. Be3 (15. Qg4 {feels hotter.} h5 16. Qd1 Rfe8 17. Be3) 15... Rfe8 16. Rb1 Bb4 17. Re2 Qg6 18. d5 c6 19. a3 Be7 20. Re1 Bg5 ({Better is} 20... cxd5 $11 21. cxd5 Qf5) 21. Bd3 Qh6 22. Bxg5 Qxg5 23. Qf3 cxd5 24. Qh3 $1 g6 25. Qxd7 $40 {[%emt 0:11:28][%mdl 128] White mounts an attack.} Rxe1+ 26. Rxe1 Ba6 27. Qa4 Qd2 (27... Bxc4 $11 28. Bxc4 dxc4) 28. Rd1 $16 {[%emt 0:00:05] White is more active.} Qxb2 {[%emt 0:01:26] [#]} 29. Qxa6 $18 Qb3 30. Be2 Re8 $2 (30... dxc4 31. Qxc4 Qxc4 32. Bxc4 Re8) 31. cxd5 {[%emt 0:00:29] Weighted Error Value: White=0.09 (flawless) /Black=0.51} 1-0